 Dungeon Crawl Stone Soup version 0.18.1-50-g88ac8fd (webtiles) character file.

4261 Chiseanne the Fighter (level 10, -2/91 HPs)
             Began as a Centaur Air Elementalist on Oct 15, 2016.
             Was an Initiate of Gozag.
             Slain by an orc warrior
             ... wielding a +0 halberd
              (22 damage)
             ... on level 8 of the Dungeon.
             The game lasted 00:30:29 (11520 turns).

Chiseanne the Fighter (Centaur Air Elementalist)   Turns: 11520, Time: 00:30:30

Health: -2/91      AC:  8    Str: 12    XL:     10   Next: 10%
Magic:  7/20       EV:  9    Int: 17    God:    Gozag
Gold:   69         SH:  6    Dex:  9    Spells: 3 memorised, 16 levels left

rFire  + . .     SeeInvis .     s - +2 dagger (venom)
rCold  . . .     Gourm    .     F - +2 leather armour of the Bull {*Drain +Inv rElec}
rNeg   + . .     Faith    .     q - +2 buckler
rPois  +         Spirit   .     y - +0 helmet
rElec  +         Dismiss  .     w - +0 cloak
rCorr  .         Reflect  .     (no gloves)
SustAt .         Harm     .     (no barding)
MR     .....                    (no amulet)
Stlth  +.........               H - ring "Inuegak" {rPois rF+ rN+}
                                x - +3 ring of slaying

@: gold aura, very slightly contaminated, very quick, not resistant to hostile
enchantments, very unstealthy
A: hooves 3, deformed body, speed 2, tough skin 3
a: Potion Petition, Call Merchant, Bribe Branch, Renounce Religion, Evoke
Invisibility


You were on level 8 of the Dungeon.
You worshipped Gozag.
Gozag was noncommittal.
You were not hungry.

You visited 2 branches of the dungeon, and saw 10 of its levels.

You collected 1109 gold pieces.
You spent 937 gold pieces at shops.
You paid 103 gold pieces to Gozag.

Inventory:

Hand Weapons
 a - a +2 war axe of electrocution
 h - a +0 scimitar
 s - a +2 dagger of venom (weapon)
Missiles
 k - 98 sling bullets
 p - 10 poisoned needles
 u - 2 tomahawks (quivered)
 A - 37 bolts
Armour
 q - a +2 buckler (worn)
 w - a +0 cloak (worn)
 y - a +0 helmet (worn)
 E - a +0 large shield
 F - the +2 leather armour of the Bull (worn) {*Drain +Inv rElec}
   (You found it on level 6 of the Dungeon)

   It insulates you from electricity.
   It lets you turn invisible.
   It causes draining when unequipped.
Jewellery
 r - an uncursed ring of flight
 v - an uncursed ring of poison resistance
 x - a +3 ring of slaying (left hand)
 H - the ring "Inuegak" (right hand) {rPois rF+ rN+}
   (You bought it in a shop on level 8 of the Dungeon)

   [ring of poison resistance]

   It protects you from fire.
   It protects you from poison.
   It protects you from negative energy.
Wands
 d - a wand of disintegration (9/24)
Scrolls
 j - a scroll of magic mapping
 l - 2 scrolls of teleportation
 m - a scroll of fog
 n - 2 scrolls of identify
 o - a scroll of recharging
Potions
 g - a potion of heal wounds
 i - 3 potions of flight
 t - a potion of curing
 z - a potion of berserk rage
 C - a potion of ambrosia
Books
 b - a book of Air

   Spells                             Type                      Level
   a - Shock                          Conjuration/Air              1
   b - Swiftness                      Charms/Air                   2
   c - Repel Missiles                 Charms/Air                   2
   d - Static Discharge               Conjuration/Air              3
   e - Lightning Bolt                 Conjuration/Air              5
 B - a book of Envenomations

   Spells                             Type                      Level
   a - Spider Form                    Transmutation/Poison         3
   b - Olgreb's Toxic Radiance        Poison                       4
   c - Alistair's Intoxication        Transmutation/Poison         5
   d - Poisonous Cloud                Conjuration/Poison/Air       6
 D - a book of Debilitation

   Spells                             Type                      Level
   a - Corona                         Hexes                        1
   b - Slow                           Hexes                        2
   c - Gell's Gravitas                Hexes/Translocation          3
   d - Inner Flame                    Hexes/Fire                   3
   e - Cause Fear                     Hexes                        4
   f - Leda's Liquefaction            Hexes/Earth                  4
Comestibles
 c - 2 bread rations
 f - 8 meat rations


   Skills:
 * Level 9.1 Fighting
 - Level 1.9 Dodging
 - Level 1.2 Stealth
 - Level 3.5 Shields
 * Level 6.9 Spellcasting
 - Level 4.7 Conjurations
 - Level 2.6 Air Magic


You had 16 spell levels left.
You knew the following spells:

 Your Spells              Type           Power        Failure   Level  Hunger
a - Shock                 Conj/Air       ###.         4%          1    None
b - Static Discharge      Conj/Air       ###.....     12%         3    ##.....
c - Repel Missiles        Chrm/Air       ##....       14%         2    None


Dungeon Overview and Level Annotations

Branches:
Dungeon (9/15)             Temple (1/1) D:6
   Lair: D:8-11         Orc: D:9-12

Altars:
Ashenzari
Cheibriados
Dithmenos
Elyvilon
Fedhas
Gozag
Kikubaaqudgha
Makhleb
Nemelex Xobeh
Okawaru
Pakellas
Qazlal
Ru
Sif Muna
Trog
Vehumet
Xom
Yredelemnul
Zin
The Shining One

Shops:
D:6 (   D:8 =   D:9 !


Innate Abilities, Weirdness & Mutations

You have hooves in place of feet.
Armour fits poorly on your strangely shaped body.
You cover ground very quickly.
You have extremely tough skin (AC +3).


Message History

Confirm with . or Enter, or press ? or * to list all spells.
Aiming: Shock
Press: ? - help, Shift-Dir - straight line, f/p - orc warrior
Aim: an orc warrior, wielding a halberd and wearing a chain mail (heavily wounded)
The zap hits the orc warrior.
The orc warrior is severely wounded.
Casting: Shock
Confirm with . or Enter, or press ? or * to list all spells.
Aiming: Shock
Press: ? - help, Shift-Dir - straight line, f/p - orc warrior
Aim: an orc warrior, wielding a halberd and wearing a chain mail (severely wounded)
The zap hits the orc.
You kill the orc!
The zap hits the orc warrior.
The orc warrior appears unharmed.
The orc warrior is severely wounded.
The orc is distracted by the nearby gold.
You block the orc warrior's attack.
The orc warrior hits you from afar with a halberd!!
You die...
Your body crumbles into a pile of gold.

######## ####.@.##.#
## ##.........## .##
##.......o...# #.#
##.........$..##
..###
#..............#
....##
##........o..####
.....###............#
......##...........##
..o.o.#...........##


You could see an orc warrior and an orc (unaware).

Vanquished Creatures
  A troll (D:9)
  A shadow (D:8)
  A yak (D:9)
  A wyvern (D:9)
  2 hippogriffs
  A hell hound (D:9)
  An orc warrior (D:9)
  A black bear (D:8)
  A sky beast (D:8)
  3 ice beasts
  4 ogres
  3 phantoms
  3 centaurs
  6 giant frogs
  A water moccasin zombie (D:9)
  A scorpion (D:8)
  4 killer bees (D:8)
  5 howler monkeys
  A centaur zombie (D:7)
  A giant frog zombie (D:5)
  2 crimson imps
  2 hounds (D:8)
  7 orc wizards
  2 orc priests
  Crazy Yiuf (D:3)
  2 jellies (D:6)
  A giant frog skeleton (D:5)
  5 worker ants
  A killer bee zombie (D:9)
  A hound zombie (D:6)
  A hound skeleton (D:5)
  A worker ant zombie (D:5)
  7 gnolls
  6 adders
  2 shadow imps
  An ooze (D:2)
  An adder zombie (D:9)
  3 worms
  2 giant geckos
  29 orcs
  11 bats
  7 giant cockroaches
  10 hobgoblins
  3 jackals (D:7)
  6 quokkas
  A ball python (D:5)
  3 giant newts
  6 goblins
  6 kobolds
  3 quokka skeletons
  7 rats
182 creatures vanquished.

Notes
Turn   | Place    | Note
--------------------------------------------------------------
     0 | D:1      | Chiseanne the Centaur Air Elementalist began the quest for the Orb.
     0 | D:1      | Reached XP level 1. HP: 14/14 MP: 3/3
    23 | D:1      | Reached skill level 1 in Conjurations
   286 | D:1      | Reached skill level 1 in Fighting
   286 | D:1      | Reached XP level 2. HP: 10/23 MP: 1/4
   983 | D:1      | Reached XP level 3. HP: 26/28 MP: 1/5
  1546 | D:2      | Found a shadowy altar of Dithmenos.
  1546 | D:2      | Found an ancient bone altar of Kikubaaqudgha.
  1675 | D:2      | Reached skill level 2 in Fighting
  1838 | D:2      | Reached XP level 4. HP: 36/36 MP: 5/7
  2268 | D:3      | Found a stormy altar of Qazlal.
  2318 | D:3      | Found a snail-covered altar of Cheibriados.
  2656 | D:3      | Reached XP level 5. HP: 16/42 MP: 1/8
  3142 | D:3      | Reached skill level 1 in Shields
  3410 | D:3      | Noticed Crazy Yiuf
  3440 | D:3      | Killed Crazy Yiuf
  3680 | D:4      | Reached XP level 6. HP: 47/50 MP: 5/10
  3767 | D:4      | Reached skill level 3 in Fighting
  4499 | D:5      | Entered Level 5 of the Dungeon
  4766 | D:5      | Reached XP level 7. HP: 57/57 MP: 8/11
  4939 | D:5      | Found a blossoming altar of Fedhas.
  5271 | D:5      | Reached skill level 4 in Fighting
  5971 | D:6      | Found Akhy's Weapon Shop.
  6003 | D:6      | Found a sparkling altar of Nemelex Xobeh.
  6015 | D:6      | Got an ancient leather armour
  6016 | D:6      | Identified the +2 leather armour of the Bull {*Drain +Inv rElec} (You found it on level 6 of the Dungeon)
  6327 | D:6      | Found a staircase to the Ecumenical Temple.
  6375 | Temple   | Entered the Ecumenical Temple
  6382 | Temple   | Became a worshipper of Gozag Ym Sagoz the Greedy
  6393 | Temple   | Learned a level 3 spell: Static Discharge
  6396 | Temple   | Learned a level 2 spell: Repel Missiles
  6477 | D:6      | Found a white marble altar of Elyvilon.
  6916 | D:7      | Reached XP level 8. HP: 54/67 MP: 13/13
  7144 | D:7      | Found a burning altar of Makhleb.
  7213 | D:7      | Reached skill level 5 in Fighting
  7445 | D:7      | Found a glowing golden altar of the Shining One.
  7988 | D:8      | Found Pijynev's Jewellery Emporium.
  7991 | D:8      | Bought the ring "Inuegak" {rPois rF+ rN+} for 420 gold pieces
  7991 | D:8      | Bought a cursed -3 ring of dexterity for 22 gold pieces
  8106 | D:8      | Reached skill level 6 in Fighting
  8411 | D:8      | Reached skill level 5 in Spellcasting
  8411 | D:8      | Reached XP level 9. HP: 78/78 MP: 16/16
  8515 | D:8      | Reached skill level 7 in Fighting
 10142 | D:9      | Reached skill level 8 in Fighting
 10734 | D:9      | Noticed a troll
 10748 | D:9      | Killed a troll
 11061 | D:9      | Found Duelimpi's Distillery.
 11167 | D:8      | Reached XP level 10. HP: 62/90 MP: 12/20
 11196 | D:8      | Bought a +3 ring of slaying for 495 gold pieces
 11221 | D:8      | Reached skill level 9 in Fighting
 11520 | D:8      | Slain by an orc warrior

Skill      XL: |  1  2  3  4  5  6  7  8  9 10 |
---------------+-------------------------------+-----
Conjurations   | 1 2 3 4 |  4.7
Fighting       | 1 2 3 4 6 8 9 |  9.1
Spellcasting   | 2 3 5 6 |  6.9
Shields        | 1 2 3 |  3.5
Dodging        | |  1.9
Stealth        | |  1.2
Air Magic      | |  2.6

Action                   |  1- 3 |  4- 6 |  7- 9 | 10-12 || total
-------------------------+-------+-------+-------+-------++-------
Melee: Unarmed           |    12 |       |       |       ||    12
       Club              |    38 |       |       |       ||    38
       Kick              |    14 |    23 |    63 |     7 ||   107
       Dagger            |    18 |    99 |   148 |    17 ||   282
       War axe           |       |       |   131 |       ||   131
 Cast: Shock             |    62 |    74 |   193 |    30 ||   359
       Repel Missiles    |       |       |     1 |       ||     1
       Static Discharge  |       |       |     6 |       ||     6
Evoke: Wand              |       |       |     6 |       ||     6
  Use: Scroll            |     1 |     9 |    10 |       ||    20
  Eat: Chunk             |     4 |     8 |     4 |       ||    16
       Fruit             |       |       |     6 |       ||     6
       Beef jerky        |       |       |     2 |       ||     2
       Pizza             |       |       |     1 |       ||     1
       Bread ration      |       |       |     2 |       ||     2
Armor: Robe              |    27 |    37 |    13 |       ||    77
       Leather armour    |       |       |   160 |     9 ||   169
Dodge: Dodged            |    43 |    61 |   201 |     4 ||   309
       Deflected         |       |       |     1 |       ||     1
Block: Buckler           |       |    17 |   110 |    12 ||   139
